 Dungeon Crawl Stone Soup version 0.27-a0-1299-g1ab19c6527 (webtiles) character file.

Game seed: 7270390063513432640

122 bjtr the Stinger (level 5, -6/28 HPs)
             Began as a Gargoyle Venom Mage on June 17, 2021.
             Was an Initiate of Vehumet.
             Killed by divine providence
             ... invoked by an orc priest
              (17 damage)
             ... on level 4 of the Dungeon.
             The game lasted 00:17:40 (3666 turns).

bjtr the Stinger (Gargoyle Venom Mage)              Turns: 3666, Time: 00:17:42

Health: -6/28      AC: 11    Str: 11    XL:     5   Next: 6%
Magic:  3/9        EV: 12    Int: 17    God:    Vehumet [......]
Gold:   155        SH:  0    Dex: 10    Spells: 0/9 levels left

rFire    . . .     SeeInvis .   f - +0 whip (elec)
rCold    . . .     Faith    .   (no shield)
rNeg     + . .     Spirit   .   a - +1 robe
rPois    ∞         Reflect  .   e - +2 hat
rElec    +         Harm     .   t - +1 cloak
rCorr    .         Rampage  .   (no gloves)
Will     .....                  (no boots)
Stlth    ++........             (no amulet)
HPRegen  0.09/turn              (no ring)
MPRegen  0.11/turn              (no ring)

@: no status effects
A: sickness immunity, AC +4, negative energy resistance 1, electricity
resistance, torment resistance 1, petrification resistance
a: Renounce Religion


You were on level 4 of the Dungeon.
You worshipped Vehumet.
Vehumet was noncommittal.
You visited 1 branch of the dungeon, and saw 4 of its levels.

You collected 155 gold pieces.

Inventory:

Hand Weapons
 c - a +0 dagger
 f - a +0 whip of electrocution (weapon)
 h - a +0 mace
 j - a +0 spear
 s - a +1 hand axe of holy wrath
Missiles
 d - 4 boomerangs
 p - 9 poisoned darts
Armour
 a - a +1 robe (worn)
 e - a +2 hat (worn)
 n - a +0 leather armour
 t - a +1 cloak (worn)
 u - a +0 kite shield
Magical Staves
 l - a staff of conjuration
Jewellery
 v - a ring of poison resistance
Scrolls
 i - a scroll of teleportation
Potions
 b - 3 potions of curing
 g - a potion of lignification
 k - a potion of degeneration {unknown}
 m - a potion of mutation {unknown}
 o - a potion of heal wounds {unknown}
 q - a potion of resistance {unknown}
 r - a potion of berserk rage {unknown}


   Skills:
 * Level 0.6 Fighting
 - Level 0.4 Maces & Flails
 * Level 0.3 Armour
 + Level 2.0 Dodging
 + Level 2.9 Stealth
 * Level 0.4 Shields
 * Level 2.9 Spellcasting
 + Level 1.3 Transmutations
 * Level 3.7 Poison Magic


You couldn't memorise any spells.
You knew the following spells:

 Your Spells              Type           Power      Damage    Failure   Level
a - Sting                 Tmut/Pois      44%        1d5       6%          1
b - Poisonous Vapours     Pois/Air       16%        N/A       12%         2
c - Mephitic Cloud        Conj/Pois/Air  6%         N/A       30%         3
d - Ignite Poison         Fire/Tmut/Pois 8%         N/A       26%         3

Your spell library contained the following spells:

 Spells                   Type           Power      Damage    Failure   Level
 Animate Skeleton         Necr           4%         N/A       19%         1
 Apportation              Tloc           4%         N/A       19%         1
 Corona                   Hex            2%         N/A       19%         1
 Summon Small Mammal      Summ           8%         N/A       19%         1
 Ensorcelled Hibernation  Hex/Ice        4%         N/A       26%         2
 Olgreb's Toxic Radiance  Pois           15%        N/A       36%         4
 Confusing Touch          Hex            2%         N/A       47%         3
 Dazzling Flash           Conj/Hex       4%         N/A       47%         3
 Gell's Gravitas          Tloc           1%         N/A       47%         3
 Tukima's Dance           Hex            2%         N/A       47%         3
 Petrify                  Tmut/Erth      4%         N/A       80%         4
 Yara's Violent Unravell  Hex/Tmut       2%         3d3       98%         5
 Metabolic Englaciation   Hex/Ice        1%         N/A       99%         5


Dungeon Overview and Level Annotations

Branches:
Dungeon (4/15)
 Temple: D:4-7

Altars:
Vehumet


Innate Abilities, Weirdness & Mutations

You are immune to sickness and miasma.
Your stone body is resilient. (AC +4)
You are immune to poison.
You resist negative energy. (rN+)
You are resistant to electric shocks. (rElec)
You are resistant to unholy torment.
You are immune to petrification.


Message History

Aiming: Poisonous Vapours (safe; 12% risk of failure)
Press: ? - help, Dir - move target, f - orc priest
Aim: an orc priest, wielding a +0 dagger Poisonous vapours surround the orc priest!
The orc priest is engulfed in poison gas.
The orc priest is poisoned.
The orc priest miscasts a cantrip.
The orc closely misses you.
Casting: Poisonous Vapours (safe; 12% risk of failure)
Confirm with . or Enter, or press ? or * to list all spells.
Aiming: Sting (safe; 6% risk of failure)
Press: ? - help, Shift-Dir - straight line, f/p - orc priest
Aim: an orc priest, wielding a +0 dagger (lightly wounded, poisoned, 71% to hit)
The sting hits the orc.
The orc is poisoned.
The orc is severely wounded.
The orc closely misses you.
Casting: Sting (safe; 6% risk of failure)
Confirm with . or Enter, or press ? or * to list all spells.
The spell is quite dangerous to cast (26% risk of failure)!
Continue anyway?
You ignite the poison in your surroundings!
The orc seems to burn from within!
You kill the orc!
Vehumet accepts your kill.
The orc priest seems to burn from within.
The orc priest is heavily wounded.
The orc priest mumbles some strange prayers to Beogh against you.
Beogh smites you!
Ouch! That really hurt!
You hear a shout!
You barely miss the orc priest.
The orc priest is heavily wounded.
The orc priest miscasts a cantrip.
You hit the orc priest.
The orc priest is heavily wounded.
The orc priest calls down the wrath of Beogh upon you.
You are unaffected.
The orc priest calls down the wrath of Beogh upon you.
Beogh smites you!
Ouch! That really hurt!
You die...

#...........# #.....)
#########.#.# ##.....#
#########.#.######......#
...................###.##
.(o.o.$o..#.##......#....
.#######..#.# ........###
#..# . ........### ###
#)o# ##.....##....
.....###@.#.##...........
#.....................
#####..............###
#...############ [.###
###


You could see an orc priest and an orc.

Vanquished Creatures
  A gnoll (D:4)
  2 adders
  A white imp (D:3)
  3 worms
  3 dart slugs
  4 orcs
  7 ball pythons
  8 endoplasms
  2 giant cockroaches (D:3)
  7 hobgoblins
  7 jackals
  6 kobolds
  2 quokkas
  2 bats (D:2)
  3 frilled lizards
  2 goblins
  5 rats
65 creatures vanquished.

Notes
Turn   | Place    | Note
-------+----------+-------------------------------------------
     0 | D:1      | bjtr the Gargoyle Venom Mage began the quest for the Orb.
     0 | D:1      | Reached XP level 1. HP: 10/10 MP: 3/3
   379 | D:1      | Reached XP level 2. HP: 15/15 MP: 3/5
   932 | D:1      | Reached skill level 1 in Transmutations
   979 | D:1      | Reached XP level 3. HP: 14/19 MP: 4/6
  2112 | D:2      | Reached XP level 4. HP: 24/24 MP: 5/8
  2468 | D:2      | Learned a level 2 spell: Poisonous Vapours
  2472 | D:2      | Learned a level 3 spell: Mephitic Cloud
  2542 | D:3      | Found a radiant altar of Vehumet.
  2550 | D:3      | Became a worshipper of Vehumet
  3387 | D:3      | Found a faded altar of an unknown god.
  3514 | D:4      | Reached XP level 5. HP: 23/28 MP: 0/9
  3592 | D:3      | Learned a level 3 spell: Ignite Poison
  3666 | D:4      | Killed from afar by an orc priest

Illustrated notes

Levels and vault maps discovered:
D:1:      wheals_arrival_linesprint, layout_loops_corners
D:2:      layout_rooms, minmay_vboxes
D:3:      layout_loops_cross, nicolae_vehumet_radiance,
          shapermc_ecumenical_altar_mp_vishouse
D:4:      layout_loops_ring, lemuel_coloured_pillars_altar,
          cheibrodos_sewer_entry_bend, roderic_serpentine_path,
          minmay_misc_feat_alley, abandoned_shop, kennysheep_windowed_goal

Skill      XL: |  1  2  3 |
---------------+----------+-----
Transmutations | 1 |  1.3
Dodging        | 2 |  2.0
Fighting       | |  0.6
Maces & Flails | |  0.4
Armour         | |  0.3
Stealth        | |  2.9
Shields        | |  0.4
Spellcasting   | |  2.9
Poison Magic   | |  3.7

Action                   |  1- 3 |  4- 6 || total
-------------------------+-------+-------++-------
Melee: Dagger            |    22 |       ||    22
       Whip              |    53 |    64 ||   117
 Cast: Sting             |    37 |    21 ||    58
       Poisonous Vapours |       |     8 ||     8
       Ignite Poison     |       |     1 ||     1
  Use: Scroll            |       |     6 ||     6
 Stab: Sleeping          |       |     2 ||     2
Armor: Robe              |    20 |    24 ||    44
Dodge: Dodged            |    46 |    43 ||    89

Table legend: (Time is in decaauts)
 A = Elapsed time spent in this place.
 B = Non-inter-level travel time spent in this place.
 C = Inter-level travel time spent in this place.
 D = Time resting spent in this place.
 E = Time spent auto-exploring this place.
 F = Levels seen in this place.
 G = Mean time per level.
                   A        B        C        D        E       F      G
               +--------+--------+--------+--------+--------+-----+--------+
         Total |   3674 |   3521 |    153 |    309 |   2505 |   4 |  918.5 |
       Dungeon |   3674 |   3521 |    153 |    309 |   2505 |   4 |  918.5 |
               +--------+--------+--------+--------+--------+-----+--------+

Top non-repeatable levels by time:
     D:1: 1560 daAuts
     D:3: 1027 daAuts
     D:2: 939 daAuts
     D:4: 147 daAuts
